 Dungeon Crawl Stone Soup version 0.31-a0-1609-g8663dec (webtiles) character file.

Game seed: 17979305486005844549

25125 Dega the Warrior (level 13, -23/81 HPs)
             Began as a Vine Stalker Fighter on Jan 8, 2024.
             Was a Believer of Qazlal.
             Killed from afar by a juvenile oxfire beast (39 damage)
             ... with a blast of flame
             ... on level 9 of the Dungeon.
             The game lasted 00:12:27 (7667 turns).

Dega the Warrior (Vine Stalker Fighter)             Turns: 7667, Time: 00:12:28

Health: -23/81     AC: 12    Str: 31    XL:     13   Next: 17%
Magic:  0/20       EV: 13    Int:  7    God:    Qazlal [**....]
Gold:   241        SH:  8    Dex: 14    Spells: 20/20 levels left

rFire   . . .        a - +0 war axe (flame)
rCold   . . .        c - +0 buckler
rNeg    . . .        u - +1 troll leather armour
rPois   .            k - +2 hat
rElec   +            n - +1 cloak
rCorr   .            f - +1 pair of gloves of the Ten Nights {Rampage rElec Stlth+}
SInv    .            g - +0 pair of boots of Egourem {Str+4}
Will    +....        (no amulet)
Stlth   ++           (no ring)
HPRegen 1.93/turn    (no ring)
MPRegen 0.17/turn

%: guardian spirit, rampage
@: studying Summonings
A: fangs 3, regeneration 1, magic shield, antimagic bite, no potion heal 2,
claws 1, strong 1, subdued magic 1
a: Renounce Religion, Upheaval


You were on level 9 of the Dungeon.
You worshipped Qazlal.
Qazlal was pleased with you.
You visited 2 branches of the dungeon, and saw 10 of its levels.
You also visited: Bailey.

You collected 519 gold pieces.
You spent 278 gold pieces at shops.

Inventory:

Hand Weapons
 a - a +0 war axe of flaming (weapon)
Armour
 c - a +0 buckler (worn)
 f - the +1 pair of gloves of the Ten Nights (worn) {Rampage rElec Stlth+}
   (You acquired it in a bailey)

   rElec:     It insulates you from electricity.
   Rampage:   It bestows one free step when moving towards enemies.
   Stlth+:    It makes you more stealthy.
 g - the +0 pair of boots of Egourem (worn) {Str+4}
   (You acquired it on level 1 of the Dungeon)

   Str+4:     It affects your strength (+4).
 k - a +2 hat (worn)
 n - a +1 cloak (worn)
 u - a +1 troll leather armour (worn)
Talismans
 b - a serpent talisman
Wands
 o - a wand of mindburst (10)
 p - a wand of flame (39)
Scrolls
 h - 7 scrolls of teleportation
 r - a scroll of brand weapon
 v - 2 scrolls of summoning
Potions
 d - 2 potions of might
 i - 4 potions of curing
 j - a potion of haste
 l - 3 potions of mutation
 m - a potion of resistance {unknown}
 s - a potion of brilliance {unknown}
 t - 2 potions of cancellation {unknown}


   Skills:
 - Level 15.4 Fighting
 + Level 5.5 Axes
 + Level 5.3 Armour
 + Level 4.6 Dodging
 + Level 5.8 Shields
 + Level 5.4 Unarmed Combat
 - Level 4.4 Spellcasting


You had 20 spell levels left.
You didn't know any spells.
Your spell library contained the following spells:

 Spells                   Type           Power      Damage    Failure   Level
 Mercury Vapours          Alch/Air       2%         N/A       45%         2
 Fugue of the Fallen      Necr           1%         N/A       71%         3
 Hailstorm                Conj/Ice       1%         3d5       71%         3
 Ozocubu's Armour         Ice            1%         N/A       71%         3
 Summon Ice Beast         Ice/Summ       1%         N/A       71%         3
 Iskenderun's Mystic Bla  Conj/Tloc      1%         2d3       98%         4
 Manifold Assault         Tloc           1%         N/A       98%         4
 Sculpt Simulacrum        Ice/Alch       0%         N/A       100%        6
 Malign Gateway           Summ/Tloc      0%         N/A       100%        7


Dungeon Overview and Level Annotations

Branches:
Dungeon (9/15)             Temple (1/1) D:6          Bailey (visited)
   Lair: D:8-11         Orc: D:9-12

Altars:
Ashenzari
Cheibriados
Elyvilon
Fedhas
Hepliaklqana
Kikubaaqudgha
Makhleb
Okawaru
Qazlal
Ru
Sif Muna
Trog
Uskayaw
Wu Jian
Xom
Yredelemnul
Zin

Shops:
D:5 !   D:8 [[


Innate Abilities, Weirdness & Mutations

You have razor-sharp teeth.
Your natural rate of healing is unusually fast.
When hurt, damage is shared between your health and your magic reserves.
Your bite disrupts and absorbs the magic of your enemies.
Potions cannot restore your health.
You have sharp fingernails.
Your muscles are strong. (Str +4, Int/Dex -1)
Your spells are a little easier to cast, but a little less powerful.


Message History

The larval shocksting beast blinks! x2
The orc warrior attacks as it pursues you!
You block the orc warrior's attack.
The orc warrior hits you with a +0 battleaxe!
* * * LOW HITPOINT WARNING * * *
Unknown command.
You are too injured to fight recklessly!
You are too injured to fight recklessly!
Unknown command.
You slash the orc warrior! You burn the orc warrior.
You kill the orc warrior!
Qazlal accepts your kill.
The orc priest mumbles some strange prayers to Beogh against you.
Beogh smites you!
* * * LOW HITPOINT WARNING * * *
The larval shocksting beast bursts into living lightning!
The living lightning hits the orc!!
The orc dies!
The living lightning misses you.
The larval shocksting beast blinks!
The juvenile oxfire beast is engulfed in blazing flames.
Unknown command.
The larval shocksting beast attacks as it pursues you!
The larval shocksting beast stings you but does no damage.
The larval shocksting beast splashes around in the water. x2
Unknown command.
Unknown command.
You slash the larval shocksting beast! You burn the larval shocksting beast.
You bite the larval shocksting beast, but do no damage.
The larval shocksting beast is almost dead.
The larval shocksting beast stings you but does no damage.
You block the larval shocksting beast's attack.
The larval shocksting beast barely misses you.
The larval shocksting beast splashes around in the water.
The larval shocksting beast barely misses you.
You slice the larval shocksting beast!! You burn the larval shocksting beast.
You kill the larval shocksting beast!
Qazlal accepts your kill.
The juvenile oxfire beast breathes flames at you.
The blast of flame hits you!!!
You die...

##.#
#.................#
...#
#.##.###..~~~≈≈~~.#
#..##. #.#
##.~#####~.# #..#.
..# #.~#...#~.##
#...< ...#
#.≈#.∩.))..#
#.####.####
#.~#...#≈..# #.. ..
##.~#####~..# ###
## #..≈~~~~~~..#
#...@.......#
#..##.####..#
##.##H#....##
#...Ho##### ###.oo#
#.....### #.....).#
#.#.#..#..#
...........#


You could see 2 mutant beasts, an orc priest and 2 orcs.

Vanquished Creatures
  A two-headed ogre (D:6)
  An orc sorcerer (Bailey)
  A kobold demonologist (Bailey)
  A troll (D:8)
  Grinder (D:5)
  Sigmund (D:2)
  A steam dragon (D:6)
  4 black bears
  13 orc warriors
  2 ice beasts
  A sky beast (D:8)
  2 centaurs
  A phantom (D:7)
  2 bullfrogs
  4 scorpions
  4 killer bees (D:8)
  2 mutant beasts (D:9)
  5 electric eels (Bailey)
  2 jellies
  A hound (D:5)
  4 orc priests
  A sleepcap (D:8)
  Crazy Yiuf (D:2)
  An iguana (D:5)
  Natasha (twice) (D:2)
  9 orc wizards
  Robin (D:2)
  7 gnolls
  5 adders
  A shadow imp (D:7)
  A ribbon worm (D:3)
  A dart slug (D:4)
  34 orcs
  4 ball pythons
  4 endoplasms
  3 giant cockroaches
  24 goblins
  11 hobgoblins
  2 jackals (D:3)
  3 quokkas
  2 bats
  4 frilled lizards (D:1)
  2 kobolds (D:4)
  A rat (D:3)
178 creatures vanquished.

Vanquished Creatures (others)
  An orc (D:9)
1 creature vanquished.

Grand Total: 179 creatures vanquished

Notes
Turn   | Place    | Note
-------+----------+-------------------------------------------
     0 | D:1      | Dega the Vine Stalker Fighter began the quest for the Orb.
     0 | D:1      | Reached XP level 1. HP: 11/11 MP: 2/2
   201 | D:1      | Reached XP level 2. HP: 16/16 MP: 3/3
   361 | D:1      | Identified a scroll of acquirement
   361 | D:1      | Acquired the +0 pair of boots of Egourem {Str+4}
   772 | D:2      | Reached XP level 3. HP: 19/19 MP: 4/4
   772 | D:2      | Noticed Robin
   777 | D:2      | Killed Robin
   836 | D:2      | Found a runed translucent door.
   837 | D:2      | Noticed Crazy Yiuf
  1028 | D:2      | Noticed Natasha
  1037 | D:2      | Killed Natasha
  1038 | D:2      | Reached skill level 3 in Fighting
  1038 | D:2      | Reached skill level 1 in Spellcasting
  1038 | D:2      | Reached XP level 4. HP: 24/24 MP: 4/6
  1059 | D:2      | Reached skill level 1 in Unarmed Combat
  1077 | D:2      | Reached skill level 1 in Dodging
  1311 | D:2      | Noticed Sigmund
  1322 | D:2      | Killed Sigmund
  1323 | D:2      | Reached XP level 5. HP: 23/28 MP: 5/8
  1323 | D:2      | Reached XP level 6. HP: 26/32 MP: 5/9
  1542 | D:2      | Noticed Natasha
  1556 | D:2      | Killed Natasha
  1574 | D:2      | Killed Crazy Yiuf
  1680 | D:3      | Found a white marble altar of Elyvilon.
  2571 | D:4      | Reached XP level 7. HP: 37/37 MP: 11/11
  3045 | D:5      | Entered Level 5 of the Dungeon
  3045 | D:5      | Found Osmyni Kuyci's Distillery.
  3091 | D:5      | Bought a potion of mutation for 96 gold pieces
  3091 | D:5      | Gained mutation: Your muscles are strong. (Str +4, Int/Dex
                  | -1) [potion of mutation]
  3091 | D:5      | Gained mutation: Your spells are a little easier to cast,
                  | but a little less powerful. [potion of mutation]
  3091 | D:5      | Gained mutation: You have sharp fingernails. [potion of
                  | mutation]
  3318 | D:5      | Noticed Grinder
  3318 | D:5      | Paralysed by Grinder for 3 turns
  3327 | D:5      | Paralysed by Grinder for 2 turns
  3341 | D:5      | Killed Grinder
  3342 | D:5      | Reached skill level 4 in Fighting
  3342 | D:5      | Gained mutation: You have razor-sharp teeth. [Vine Stalker
                  | growth]
  3342 | D:5      | Reached XP level 8. HP: 35/42 MP: 9/13
  3624 | D:6      | Identified the +1 robe of Vimumiaps {MP+9}
  3684 | D:6      | Found a hide-covered altar of Uskayaw.
  3684 | D:6      | Found a blossoming altar of Fedhas.
  3745 | D:6      | Found a broken altar of Ashenzari.
  3836 | D:6      | Noticed a two-headed ogre
  3843 | D:6      | Killed a two-headed ogre
  3844 | D:6      | Reached XP level 9. HP: 14/46 MP: 6/15
  4042 | D:6      | Found a staircase to the Ecumenical Temple.
  4098 | D:6      | Found a bloodstained altar of Trog.
  4245 | Temple   | Entered the Ecumenical Temple
  4307 | Temple   | Became a worshipper of Qazlal Stormbringer
  4670 | D:7      | Reached skill level 5 in Fighting
  4722 | D:7      | Found a basalt altar of Yredelemnul.
  4946 | D:7      | Found a sacrificial altar of Ru.
  5069 | D:7      | Reached skill level 5 in Shields
  5191 | D:7      | Found a hazy altar of Hepliaklqana.
  5440 | D:8      | Found a glowing silver altar of Zin.
  5497 | D:8      | Reached * piety under Qazlal
  5709 | D:8      | Found Wiesitei's Antique Armour Boutique.
  5731 | D:8      | Bought an embroidered hat for 182 gold pieces
  5829 | D:8      | Reached skill level 5 in Axes
  5908 | D:8      | Noticed a troll
  5919 | D:8      | Killed a troll
  5920 | D:8      | Reached XP level 10. HP: 26/52 MP: 10/17
  6189 | D:8      | Found Ubaaxag's Antique Armour Emporium.
  6267 | D:8      | Reached skill level 5 in Armour
  6267 | D:8      | Reached skill level 5 in Unarmed Combat
  6267 | D:8      | Reached skill level 11 in Fighting
  6267 | D:8      | Reached XP level 11. HP: 55/65 MP: 13/18
  6268 | D:8      | Reached skill level 13 in Fighting
  6268 | D:8      | Reached XP level 12. HP: 65/74 MP: 13/19
  6269 | D:8      | Reached skill level 15 in Fighting
  6269 | D:8      | Reached XP level 13. HP: 73/81 MP: 13/20
  6731 | D:9      | Got the Secrets of the Hyperbolic Sky
  6735 | D:9      | Found a flagged portal.
  6747 | Bailey   | Entered a bailey
  6866 | Bailey   | Found an iron altar of Okawaru.
  6954 | Bailey   | Acquired a manual of Summonings
  7009 | Bailey   | Reached ** piety under Qazlal
  7263 | Bailey   | Acquired the +1 pair of gloves of the Ten Nights {Rampage
                  | rElec Stlth+}
  7667 | D:9      | Killed from afar by a juvenile oxfire beast

Illustrated notes

Levels and vault maps discovered:
D:1:      giann_wishing_wells, layout_rooms, minmay_misc_feat_nine_boxes
D:2:      layout_loops_corners, minmay_box_of_dots, uniq_crazy_yiuf_cottage,
          uniq_natasha, uniq_robin, uniq_sigmund
D:3:      layout_basic, nicolae_elyvilon_temple_path
D:4:      layout_loops_ring
D:5:      layout_basic, serial_shops, nicolae_shop_industrial_runoff,
          uniq_grinder
D:6:      layout_loops_ring, cheibrodos_ashenzari_chains, bloody_trog,
          amethyst_overflow_temple_binary, minmay_temple_entry_enclosed_plants
D:7:      layout_loops_ring, kennysheep_little_box,
          mainiacjoe_overflow_surrounded_room, amcnicky_altar_gilded
D:8:      layout_basic, zin_scriptorium, serial_shops, shop,
          minmay_shop_grid_forest, minivault_19, hex_medium
D:9:      nzn_winding_woodlands_small [nzn_winding_woodlands_5x15_zeroes,
          nzn_winding_woodlands_center_pierced_h,
          nzn_winding_woodlands_5x15_default], layout_loops_corners,
          mainiacjoe_overflow_boulevard, minmay_orc_entry_temple_small,
          enter_bailey_3, nicolae_beast_mode
Temple:   pf_temple_reverse_labyrinth

Skill      XL: |  1  2  3  4  5  6  7  8  9 10 11 12 |
---------------+-------------------------------------+-----
Axes           | 2 3 4 5 |  5.5
Fighting       | 3 4 5 11 13 15 | 15.4
Shields        | 3 4 5 |  5.8
Spellcasting   | 1 2 3 4 |  4.4
Unarmed Combat | 1 2 3 4 5 |  5.4
Dodging        | 1 2 3 4 |  4.6
Armour         | 3 4 5 |  5.3

Action                     |  1- 3 |  4- 6 |  7- 9 | 10-12 | 13-15 || total
---------------------------+-------+-------+-------+-------+-------++-------
  Melee: War axe           |    65 |    73 |   222 |     2 |   121 ||   483
         Bite              |    14 |    23 |    50 |     1 |    28 ||   116
         Unarmed           |       |     6 |       |       |       ||     6
    Use: Scroll            |     5 |     4 |     4 |     2 |     4 ||    19
         Potion            |       |       |     1 |     3 |       ||     4
 Armour: Scale mail        |    45 |    43 |    66 |       |       ||   154
         Skin              |       |     5 |       |       |       ||     5
         Robe              |       |       |   121 |       |       ||   121
         Troll leather arm |       |       |    16 |     8 |   102 ||   126
  Dodge: Dodged            |    32 |    50 |   158 |     7 |    62 ||   309
  Block: Buckler           |    14 |    14 |    66 |     1 |    39 ||   134

Table legend: (Time is in decaauts)
 A = Elapsed time spent in this place.
 B = Non-inter-level travel time spent in this place.
 C = Inter-level travel time spent in this place.
 D = Time resting spent in this place.
 E = Time spent auto-exploring this place.
 F = Levels seen in this place.
 G = Mean time per level.
                   A        B        C        D        E       F      G
               +--------+--------+--------+--------+--------+-----+--------+
         Total |   7852 |   7529 |    323 |    244 |   5956 |  11 |  713.8 |
       Dungeon |   6803 |   6603 |    200 |    100 |   5416 |   9 |  755.9 |
        Temple |    124 |      1 |    123 |      0 |      0 |   1 |  124.0 |
        Bailey |    923 |    923 |      0 |    144 |    540 |   1 |  923.0 |
               +--------+--------+--------+--------+--------+-----+--------+

Top non-repeatable levels by time:
     D:8: 1324 daAuts
     D:2: 1190 daAuts
     D:6: 947 daAuts
  Bailey: 923 daAuts
     D:3: 866 daAuts
     D:7: 765 daAuts
     D:4: 589 daAuts
     D:5: 545 daAuts
     D:1: 473 daAuts
  Temple: 124 daAuts
     D:9: 99 daAuts
